 Dungeon Crawl Stone Soup version 0.28.0-43-g3370ac3207 (webtiles) character file.

Game seed: 6875248208510494498

53 Jase the Poker (level 3, -2/29 HPs)
             Began as a Demonspawn Gladiator on Feb 28, 2022.
             Succumbed to Sigmund's poison
             ... on level 2 of the Dungeon.
             The game lasted 00:02:59 (1078 turns).

Jase the Poker (Demonspawn Gladiator)               Turns: 1078, Time: 00:03:00

Health: -2/29      AC:  6    Str: 14    XL:     3   Next: 64%
Magic:  3/3        EV: 12    Int: 11    God:
Gold:   10         SH:  0    Dex: 14    Spells: 2/2 levels left

rFire   . . .      SeeInvis .   a - +0 trident
rCold   . . .      Faith    .   (no shield)
rNeg    . . .      Spirit   .   b - +0 leather armour
rPois   .          Reflect  .   c - +0 helmet
rElec   .          Harm     .   (no cloak)
rCorr   .          Rampage  .   f - +1 pair of gloves
Will    .....                   (no boots)
Stlth   +.........              (no amulet)
HPRegen 0.09/turn               (no ring)
MPRegen 0.08/turn               (no ring)

@: lethally poisoned (-2 -> -18), attractive, flying
A: demonic guardian 1
a: no special abilities


You were on level 2 of the Dungeon.
You visited 1 branch of the dungeon, and saw 2 of its levels.

You collected 10 gold pieces.

Inventory:

Hand Weapons
 a - a +0 trident (weapon)
Missiles
 d - 3 throwing nets (quivered)
 e - 38 stones
Armour
 b - a +0 leather armour (worn)
 c - a +0 helmet (worn)
 f - a +1 pair of gloves (worn)
Scrolls
 g - a scroll of fear {unknown}
 j - a scroll of summoning {unknown}
 k - a scroll of torment {unknown}
 l - a scroll of identify {unknown}
Potions
 h - 2 potions of attraction


   Skills:
 - Level 3.0 Fighting
 + Level 3.7 Polearms
 - Level 1.7 Throwing
 - Level 2.6 Dodging


You had 2 spell levels left.
You didn't know any spells.
Your spell library contained the following spells:

 Spells                   Type           Power      Damage    Failure   Level
 Petrify                  Tmut/Erth      0%         N/A       99%         4
 Metabolic Englaciation   Hex/Ice        0%         N/A       100%        5
 Statue Form              Tmut/Erth      0%         N/A       100%        6


Dungeon Overview and Level Annotations

Branches:
Dungeon (2/15)

Altars:

Annotations:
D:2 Sigmund


Innate Abilities, Weirdness & Mutations

A weak demonic guardian rushes to your aid.


Message History

You start resting.
HP restored.
Sigmund shouts!
Sigmund casts a spell at you.
You are confused.
Okay, then.
It was a potion of attraction.
You feel attractive to monsters.
Sigmund points at you and mumbles some strange words.
The puff of flame hits you! Sigmund is attracted toward you.
Unknown command.
It was a potion of flight.
You feel very buoyant.
You fly up into the air.
Sigmund hits you from afar with a +0 scythe of venom.
You are poisoned.
Sigmund is attracted toward you. The rat is attracted toward you.
Okay, then.
You are too confused!
Unknown command.
Sorry, you're not good enough to have a special ability.
Unknown command.
You bump into the rock wall.
You feel sick.
You barely miss Sigmund.
You feel sick.
Sigmund hits you with a +0 scythe of venom.
* * * LOW HITPOINT WARNING * * *
You are lethally poisoned!
Unknown command.
You hit Sigmund but do no damage.
* * * LOW HITPOINT WARNING * * *
You feel very sick. Sigmund hits you but does no damage.
You are more poisoned.
Unknown command.
* * * LOW HITPOINT WARNING * * *
You feel very sick. Sigmund is attracted toward you.
You closely miss Sigmund.
You feel less confused.
You die...

#......#
########...........
#.r....+ ...
#..............)
#......#.....
#.##............
#......... ..
#.##...........
#......@.. ..
#.##..........
#.#..###.#.# #.
#.##[........
....<# #r
#.##.........
#....#
#ยง###.##.........
#.....
#.@@..##.###....
#.##### ####### ##
#. . #. ### ... #.
#.


You could see Sigmund.

Vanquished Creatures
  Natasha (D:2)
  A worm (D:2)
  2 endoplasms (D:1)
  A giant cockroach (D:2)
  2 goblins
  A hobgoblin (D:1)
  5 quokkas
  2 ball pythons
  A bat (D:1)
  3 kobolds (D:1)
  7 rats (D:1)
26 creatures vanquished.

Vanquished Creatures (collateral kills)
  An endoplasm (D:1)
1 creature vanquished.

Grand Total: 27 creatures vanquished

Notes
Turn   | Place    | Note
-------+----------+-------------------------------------------
     0 | D:1      | Jase the Demonspawn Gladiator began the quest for the Orb.
     0 | D:1      | Reached XP level 1. HP: 16/16 MP: 1/1
   433 | D:1      | Gained mutation: A weak demonic guardian rushes to your
                  | aid. [demonic ancestry]
   433 | D:1      | Reached XP level 2. HP: 20/23 MP: 2/2
   774 | D:2      | Noticed Natasha
   776 | D:2      | Noticed a crimson imp
   815 | D:2      | Noticed Sigmund
   931 | D:2      | Killed Natasha
   932 | D:2      | Reached XP level 3. HP: 24/29 MP: 3/3
  1077 | D:2      | HP: 1/29 [poisoned by Sigmund]
  1078 | D:2      | Succumbed to Sigmund's poison

Illustrated notes

Levels and vault maps discovered:
D:1:      dpeg_arrival_simpleton_a, layout_rooms
D:2:      layout_basic, uniq_natasha, uniq_sigmund

Skill      XL: |  1  2 |
---------------+-------+-----
Polearms       | 3 |  3.7
Fighting       | 3 |  3.0
Throwing       | |  1.7
Dodging        | |  2.6

Action                   || total
-------------------------++-------
Melee: Trident           ||    84
  Use: Potion            ||     2
 Stab: Sleeping          ||     1
Armor: Leather armour    ||    26
Dodge: Dodged            ||    30
